[ AOE2 MATCH · #504685518 ]
UnrankedCumans vs Huns
Player's team · WIN
Rival team · LOSS
[ REPLAY ANALYSIS · EXTRACTED FROM THE RECORDED GAME ]
Feudal
11:53
Castle
25:31
Imperial
—
| APM avg | 83.8 |
| APM peak | 124 |
| eAPM avg | 40.2 |
| Villagers / military | 108 / 63 |
Focus
⚔️ 54.8% · 🌾 45.2%
Fire Galley ×25 · Unknown (2626) ×14 · Galley ×13 · Archer ×12 · Skirmisher ×11 · Fishing Ship ×4
Feudal
15:39
Castle
26:13
Imperial
—
| APM avg | 46.9 |
| APM peak | 71 |
| eAPM avg | 17.6 |
| Villagers / military | 67 / 63 |
Focus
⚔️ 49.0% · 🌾 51.0%
Cavalry Archer ×23 · Fishing Ship ×18 · Militia ×15 · Fire Galley ×14 · Skirmisher ×4 · Battering Ram ×4
Match map
Initial resources + every placement click. Lines = walls · curves = elevation contours. ◆ gold · ⬟ stone · ● berries · ✦ relic · ◌ wall gap
Your base· Open — 3t gap
snowshawnskate's base· Open — 12t gap
Smoothed initial terrain · ◌ = detected wall gap · hover for details
Inputs per minute
— Kirtap - - snowshawnskate
Build order — Kirtap
First 150 of 292 actions detected
| 0:01 | Create | Villager (Male) |
| 0:02 | Build | House |
| 0:02 | Build | House |
| 0:03 | Create | Villager (Male) |
| 0:09 | Create | Villager (Male) |
| 0:09 | Create | Villager (Male) |
| 0:09 | Create | Villager (Male) |
| 1:26 | Create | Villager (Male) |
| 1:26 | Create | Villager (Male) |
| 1:54 | Build | Lumber Camp |
| 2:04 | Create | Villager (Male) |
| 2:04 | Create | Villager (Male) |
| 2:20 | Create | Villager (Male) |
| 2:20 | Create | Villager (Male) |
| 2:49 | Create | Villager (Male) |
| 2:49 | Create | Villager (Male) |
| 3:25 | Create | Villager (Male) |
| 3:25 | Create | Villager (Male) |
| 3:25 | Create | Villager (Male) |
| 3:44 | Build | House |
| 3:47 | Create | Villager (Male) |
| 3:47 | Create | Villager (Male) |
| 4:07 | Create | Villager (Male) |
| 4:07 | Create | Villager (Male) |
| 4:07 | Create | Villager (Male) |
| 4:25 | Build | Dock |
| 4:31 | Create | Villager (Male) |
| 4:31 | Create | Villager (Male) |
| 4:59 | Create | Villager (Male) |
| 5:04 | Create | Fishing Ship |
| 5:12 | Create | Villager (Male) |
| 5:12 | Create | Villager (Male) |
| 5:25 | Build | House |
| 5:31 | Create | Villager (Male) |
| 5:45 | Create | Villager (Male) |
| 6:10 | Create | Fishing Ship |
| 6:10 | Create | Fishing Ship |
| 6:15 | Create | Villager (Male) |
| 6:21 | Research | Loom |
| 6:25 | Build | Palisade Wall |
| 6:27 | Build | Palisade Wall |
| 6:41 | Create | Villager (Male) |
| 7:04 | Build | House |
| 7:25 | Create | Villager (Male) |
| 8:03 | Create | Villager (Male) |
| 8:03 | Create | Villager (Male) |
| 8:14 | Build | Palisade Wall |
| 8:24 | Create | Villager (Male) |
| 8:30 | Create | Villager (Male) |
| 8:53 | Create | Fishing Ship |
| 9:30 | Research | Feudal Age |
| 9:52 | Build | Palisade Wall |
| 10:13 | Create | Villager (Male) |
| 10:25 | Create | Villager (Male) |
| 10:39 | Create | Villager (Male) |
| 10:49 | Create | Villager (Male) |
| 11:06 | Create | Villager (Male) |
| 11:15 | Create | Villager (Male) |
| 11:20 | Build | Barracks |
| 11:35 | Build | Mining Camp |
| 11:45 | Build | Palisade Wall |
| 11:46 | Build | Palisade Wall |
| 11:47 | Build | Palisade Wall |
| 11:53 | Age | Feudal Age |
| 11:58 | Build | Palisade Wall |
| 11:59 | Build | Palisade Wall |
| 12:11 | Build | Archery Range |
| 12:14 | Build | Palisade Wall |
| 12:22 | Create | Villager (Male) |
| 12:59 | Create | Archer |
| 12:59 | Create | Archer |
| 13:04 | Build | House |
| 13:11 | Build | House |
| 13:13 | Create | Archer |
| 13:35 | Create | Archer |
| 13:41 | Build | House |
| 14:07 | Build | Blacksmith |
| 14:24 | Build | Mill |
| 14:29 | Create | Villager (Male) |
| 14:31 | Create | Archer |
| 14:48 | Create | Fire Galley |
| 15:01 | Research | Fletching |
| 15:02 | Research | Fletching |
| 15:20 | Create | Villager (Male) |
| 15:21 | Build | Farm |
| 15:27 | Create | Archer |
| 15:31 | Build | Farm |
| 15:31 | Build | Farm |
| 15:41 | Create | Villager (Male) |
| 15:44 | Build | House |
| 15:44 | Build | Palisade Wall |
| 15:51 | Create | Villager (Male) |
| 16:09 | Create | Archer |
| 16:14 | Build | Watch Tower |
| 16:19 | Build | Mining Camp |
| 16:23 | Build | Palisade Wall |
| 16:36 | Create | Fire Galley |
| 16:36 | Create | Fire Galley |
| 16:36 | Create | Villager (Male) |
| 16:45 | Create | Archer |
| 16:55 | Build | House |
| 17:02 | Create | Villager (Male) |
| 17:06 | Build | Farm |
| 17:06 | Build | Farm |
| 17:32 | Create | Archer |
| 17:32 | Create | Villager (Male) |
| 17:51 | Create | Villager (Male) |
| 17:54 | Build | House |
| 18:14 | Create | Unit 2626 |
| 18:14 | Create | Unit 2626 |
| 18:20 | Create | Villager (Male) |
| 18:37 | Create | Galley |
| 18:37 | Create | Galley |
| 19:04 | Build | Palisade Wall |
| 19:05 | Build | Palisade Wall |
| 19:07 | Build | Palisade Wall |
| 19:08 | Build | Palisade Wall |
| 19:09 | Create | Villager (Male) |
| 19:13 | Research | Double-Bit Axe |
| 19:14 | Create | Archer |
| 19:40 | Create | Villager (Male) |
| 19:40 | Create | Villager (Male) |
| 19:40 | Create | Villager (Male) |
| 19:41 | Create | Villager (Male) |
| 19:54 | Create | Villager (Male) |
| 20:01 | Create | Archer |
| 20:29 | Build | Dock |
| 20:35 | Create | Fire Galley |
| 20:35 | Create | Fire Galley |
| 20:36 | Create | Villager (Male) |
| 20:43 | Build | Palisade Wall |
| 20:43 | Build | Palisade Wall |
| 20:48 | Create | Villager (Male) |
| 20:55 | Create | Unit 2626 |
| 20:55 | Create | Unit 2626 |
| 21:04 | Create | Villager (Male) |
| 21:13 | Create | Unit 2626 |
| 21:28 | Build | Palisade Wall |
| 21:29 | Build | Palisade Wall |
| 21:31 | Build | Palisade Wall |
| 21:37 | Create | Unit 2626 |
| 21:37 | Create | Unit 2626 |
| 21:52 | Build | House |
| 21:54 | Build | House |
| 22:00 | Build | Market |
| 22:17 | Create | Unit 2626 |
| 22:18 | Create | Unit 2626 |
| 22:23 | Build | House |
| 22:23 | Build | House |
| 22:51 | Research | Castle Age |
Build order — snowshawnskate
First 150 of 214 actions detected
| 0:01 | Create | Villager (Male) |
| 0:01 | Create | Villager (Male) |
| 0:17 | Create | Villager (Male) |
| 0:26 | Create | Villager (Male) |
| 1:27 | Create | Villager (Male) |
| 2:03 | Create | Villager (Male) |
| 2:23 | Create | Villager (Male) |
| 2:50 | Create | Villager (Male) |
| 3:09 | Create | Villager (Male) |
| 3:39 | Create | Villager (Male) |
| 4:06 | Build | Barracks |
| 4:06 | Create | Villager (Male) |
| 4:34 | Create | Villager (Male) |
| 5:02 | Create | Militia |
| 5:08 | Create | Villager (Male) |
| 5:24 | Create | Militia |
| 5:33 | Build | Mill |
| 5:34 | Create | Villager (Male) |
| 5:56 | Create | Militia |
| 5:57 | Create | Villager (Male) |
| 6:31 | Create | Villager (Male) |
| 6:36 | Create | Militia |
| 6:57 | Create | Villager (Male) |
| 7:11 | Create | Militia |
| 7:28 | Build | Lumber Camp |
| 8:04 | Create | Villager (Male) |
| 8:20 | Create | Villager (Male) |
| 8:29 | Create | Militia |
| 8:38 | Create | Villager (Male) |
| 8:46 | Create | Villager (Male) |
| 9:06 | Create | Militia |
| 9:20 | Create | Villager (Male) |
| 9:27 | Create | Villager (Male) |
| 9:52 | Create | Militia |
| 9:55 | Build | Mill |
| 9:59 | Create | Villager (Male) |
| 10:02 | Build | Mining Camp |
| 10:20 | Create | Villager (Male) |
| 10:43 | Create | Villager (Male) |
| 10:54 | Build | Barracks |
| 11:14 | Create | Militia |
| 11:15 | Create | Villager (Male) |
| 11:28 | Create | Villager (Male) |
| 11:30 | Build | Farm |
| 11:34 | Create | Villager (Male) |
| 12:26 | Create | Villager (Male) |
| 13:00 | Build | Dock |
| 13:14 | Research | Feudal Age |
| 13:33 | Create | Militia |
| 13:39 | Create | Fishing Ship |
| 13:43 | Build | Dock |
| 13:51 | Create | Militia |
| 14:05 | Build | Lumber Camp |
| 14:09 | Create | Militia |
| 14:25 | Create | Fishing Ship |
| 14:42 | Create | Fishing Ship |
| 14:42 | Create | Fishing Ship |
| 14:56 | Create | Militia |
| 15:08 | Create | Fishing Ship |
| 15:08 | Create | Fishing Ship |
| 15:39 | Age | Feudal Age |
| 15:41 | Research | Man-at-Arms (upgrade) |
| 15:43 | Create | Villager (Male) |
| 16:00 | Create | Militia |
| 16:02 | Create | Villager (Male) |
| 16:04 | Build | Blacksmith |
| 16:06 | Create | Fishing Ship |
| 16:07 | Create | Fishing Ship |
| 16:13 | Create | Villager (Male) |
| 16:36 | Build | Dock |
| 16:43 | Create | Fire Galley |
| 16:43 | Create | Fire Galley |
| 16:48 | Create | Militia |
| 17:12 | Research | Loom |
| 17:42 | Create | Villager (Male) |
| 17:44 | Create | Fishing Ship |
| 17:45 | Create | Fishing Ship |
| 17:45 | Create | Fishing Ship |
| 17:45 | Create | Fishing Ship |
| 17:49 | Build | Dock |
| 17:50 | Create | Villager (Male) |
| 18:12 | Build | Archery Range |
| 18:14 | Build | Archery Range |
| 18:56 | Create | Fire Galley |
| 18:56 | Create | Fire Galley |
| 18:56 | Create | Fire Galley |
| 18:57 | Create | Fire Galley |
| 19:00 | Create | Villager (Male) |
| 19:26 | Create | Skirmisher |
| 19:26 | Create | Skirmisher |
| 19:29 | Build | Farm |
| 19:31 | Build | Farm |
| 19:33 | Create | Villager (Male) |
| 19:39 | Create | Villager (Male) |
| 19:59 | Create | Villager (Male) |
| 20:16 | Create | Skirmisher |
| 20:16 | Create | Skirmisher |
| 20:33 | Create | Fire Galley |
| 20:33 | Create | Fire Galley |
| 20:33 | Create | Fire Galley |
| 20:33 | Create | Fire Galley |
| 20:51 | Create | Villager (Male) |
| 20:52 | Create | Villager (Male) |
| 21:06 | Build | Farm |
| 21:07 | Build | Farm |
| 21:44 | Build | Market |
| 21:46 | Create | Villager (Male) |
| 21:46 | Create | Villager (Male) |
| 22:39 | Build | Mining Camp |
| 22:55 | Create | Fishing Ship |
| 22:56 | Create | Fishing Ship |
| 22:56 | Create | Fishing Ship |
| 22:56 | Create | Fishing Ship |
| 23:25 | Build | Farm |
| 23:33 | Research | Castle Age |
| 23:33 | Research | Castle Age |
| 23:34 | Research | Castle Age |
| 24:02 | Create | Fire Galley |
| 24:02 | Create | Fire Galley |
| 24:36 | Create | Fire Galley |
| 24:37 | Create | Fire Galley |
| 24:40 | Create | Galley |
| 24:40 | Create | Galley |
| 24:44 | Research | Double-Bit Axe |
| 25:15 | Research | Fletching |
| 25:19 | Build | Archery Range |
| 26:10 | Build | Dock |
| 26:13 | Age | Castle Age |
| 26:31 | Research | War Galley (upgrade) |
| 26:34 | Create | Cavalry Archer |
| 26:34 | Create | Cavalry Archer |
| 26:34 | Create | Cavalry Archer |
| 26:37 | Create | Villager (Male) |
| 26:50 | Build | Dock |
| 26:53 | Create | Transport Ship |
| 27:10 | Create | Cavalry Archer |
| 27:10 | Create | Cavalry Archer |
| 27:10 | Create | Cavalry Archer |
| 27:18 | Build | Farm |
| 27:19 | Create | Villager (Male) |
| 27:43 | Create | Cavalry Archer |
| 27:43 | Create | Cavalry Archer |
| 27:43 | Create | Cavalry Archer |
| 27:43 | Create | Cavalry Archer |
| 27:45 | Create | Fishing Ship |
| 27:48 | Create | Villager (Male) |
| 27:48 | Create | Villager (Male) |
| 28:11 | Create | Cavalry Archer |
| 28:11 | Create | Cavalry Archer |
| 28:11 | Create | Cavalry Archer |
Match timeline
| 4:06 | snowshawnskate · first_building Barracks |
| 4:25 | Kirtap · first_building Dock |
| 6:25 | Kirtap · wall_segment Palisade Wall x1 |
| 6:27 | Kirtap · wall_segment Palisade Wall x1 |
| 8:14 | Kirtap · wall_segment Palisade Wall x1 |
| 9:52 | Kirtap · wall_segment Palisade Wall x3 |
| 11:20 | Kirtap · first_building Barracks |
| 11:45 | Kirtap · wall_segment Palisade Wall x5 |
| 11:46 | Kirtap · wall_segment Palisade Wall x5 |
| 11:47 | Kirtap · wall_segment Palisade Wall x5 |
| 11:53 | Kirtap · age_up feudal |
| 11:58 | Kirtap · wall_segment Palisade Wall x1 |
| 11:59 | Kirtap · wall_segment Palisade Wall x1 |
| 12:11 | Kirtap · first_building Archery Range |
| 12:14 | Kirtap · wall_segment Palisade Wall x1 |
| 13:00 | snowshawnskate · first_building Dock |
| 15:39 | snowshawnskate · age_up feudal |
| 15:44 | Kirtap · wall_segment Palisade Wall x4 |
| 16:23 | Kirtap · wall_segment Palisade Wall x7 |
| 18:12 | snowshawnskate · first_building Archery Range |
| 19:04 | Kirtap · wall_segment Palisade Wall x5 |
| 19:05 | Kirtap · wall_segment Palisade Wall x7 |
| 19:07 | Kirtap · wall_segment Palisade Wall x4 |
| 19:08 | Kirtap · wall_segment Palisade Wall x5 |
| 20:43 | Kirtap · wall_segment Palisade Wall x1 |
| 20:43 | Kirtap · wall_segment Palisade Wall x1 |
| 21:28 | Kirtap · wall_segment Palisade Wall x1 |
| 21:29 | Kirtap · wall_segment Palisade Wall x1 |
| 21:31 | Kirtap · wall_segment Palisade Wall x1 |
| 22:47 | Kirtap · first_market_buy 100 food |
| 22:59 | snowshawnskate · first_market_buy 500 food |
| 23:20 | snowshawnskate · first_market_sell 100 wood |
| 25:31 | Kirtap · age_up castle |
| 26:13 | snowshawnskate · age_up castle |
| 30:53 | Kirtap · wall_segment Palisade Wall x1 |
| 30:55 | Kirtap · wall_segment Palisade Wall x1 |
| 31:23 | Kirtap · first_building Castle |
| 31:31 | Kirtap · wall_segment Palisade Wall x3 |
| 32:29 | snowshawnskate · first_building Siege Workshop |
| 32:54 | Kirtap · first_market_sell 100 food |
| 36:32 | snowshawnskate · first_building Castle |
| 38:33 | snowshawnskate · first_building Stable |
| 39:05 | Kirtap · first_building Stable |
| 39:07 | snowshawnskate · resign |
[ AI ANALYSIS · 1 CREDIT ]
What really happened in this match?
Wolo.gg analyzes every decision: build order, eco, micro, common mistakes by bracket. Personalized analysis on WhatsApp or Discord in 30 seconds.
Civ guide
Cumans
Perfil
Jugador #9665014